Flyers vs Bruins

Created - January 17 2012 at 19:38

Goals
1 2 3 T
Flyers 0 0 1 1
Bruins 3 0 1 4
Shots
1 2 3 T
Flyers 9 7 10 26
Bruins 10 5 20 35

Period #1

1. Bruins , Brad Marchand 11 (Jordan Leopold, Evander Kane) at 9:45
2. Bruins , Rich Peverley 6 (Tyler Seguin, Derick Brassard) at 15:25
3. Bruins , Ales Hemsky 16 (Rick Nash, Tobias Enstrom) at 19:39

Penalties :
Zach Bogosian (BOS) for Cross-checking (Minor) at 1:05, Nino Niederreiter (PHI) for Hooking (Minor) at 6:58

Period #2

No Goal

Penalties :
Zach Bogosian (BOS) for High sticking (Minor) at 4:08, Raffi Torres (PHI) for Hooking (Minor) at 4:08, Zdeno Chara (BOS) for Cross-checking (Minor) at 11:17, Rostislav Klesla (PHI) for Interference (Minor) at 14:20

Period #3

4. Flyers , Andrej Sekera 6 (Pascal Dupuis, Brendan Morrison) at 4:41
5. Bruins , Patrice Bergeron 15 (Ales Hemsky, Tobias Enstrom) at 12:27

Penalties :
Lee Stempniak (PHI) for Cross-checking (Minor) at 0:49

Goalie Stats

Al Montoya (PHI), 31 saves from 35 shots - (0.886), L, 2-7-0, 60:00 minutes
Cam Ward (BOS), 25 saves from 26 shots - (0.962), W, 26-10-1, 60:00 minutes

Players Stats

Flyers
Player Name              G  A  P  +/- PIM S  H  SB FO    MP 
------------------------------------------------------------
Andrej Sekera            1  0  1   0  0   1  0  1  0/0   18 
Brandon McMillan         0  0  0   0  0   1  0  1  0/0   16 
Brendan Morrison         0  1  1  -1  0   2  0  0  9/15  17 
Chris Pronger            0  0  0  -1  0   0  1  2  0/0   17 
John Madden              0  0  0  -1  0   2  0  0  6/18  19 
Kevin Bieksa             0  0  0  -3  0   1  6  2  0/0   22 
Kyle Brodziak            0  0  0  -1  0   1  0  0  2/10  18 
Ladislav Smid            0  0  0   0  0   0  4  0  0/0   17 
Lee Stempniak            0  0  0   0  2   5  1  1  0/2   17 
Marc-Andre Bergeron      0  0  0  -2  0   2  0  1  0/0   10 
Niklas Hagman            0  0  0  -2  0   0  1  0  0/0   7  
Nino Niederreiter        0  0  0  -2  2   0  0  1  4/11  9  
Pascal Dupuis            0  1  1   0  0   1  2  0  1/2   17 
Radim Vrbata             0  0  0  -1  0   1  0  1  0/0   15 
Raffi Torres             0  0  0   0  2   2  7  0  1/2   17 
Randy Jones              0  0  0   0  0   1  2  1  0/0   18 
Rostislav Klesla         0  0  0   0  2   2  0  1  0/0   22 
Tim Connolly             0  0  0  -1  0   4  1  0  13/19 15 
Bruins
Player Name              G  A  P  +/- PIM S  H  SB FO    MP 
------------------------------------------------------------
Adam McQuaid             0  0  0   1  0   0  2  3  0/0   17 
Ales Hemsky              1  1  2   2  0   5  0  0  0/0   17 
Brad Marchand            1  0  1   0  0   2  1  0  0/1   14 
Chris Kelly              0  0  0   0  0   0  0  0  4/13  15 
David Krejci             0  0  0   0  0   1  0  0  9/20  12 
Dennis Seidenberg        0  0  0   0  0   3  4  1  0/0   23 
Derick Brassard          0  1  1   1  0   1  1  0  8/12  13 
Evander Kane             0  1  1   0  0   2  3  0  0/0   13 
Jordan Leopold           0  1  1   0  0   2  0  0  0/0   19 
Milan Lucic              0  0  0   0  0   1  2  0  0/0   13 
Nathan Horton            0  0  0   0  0   1  1  0  0/1   11 
Patrice Bergeron         1  0  1   2  0   1  1  0  21/30 20 
Rich Peverley            1  0  1   1  0   5  0  1  0/1   15 
Rick Nash                0  1  1   2  0   5  2  0  0/0   18 
Tobias Enstrom           0  2  2   2  0   1  0  0  0/0   19 
Tyler Seguin             0  1  1   1  0   1  0  0  1/1   13 
Zach Bogosian            0  0  0   3  4   1  0  0  0/0   17 
Zdeno Chara              0  0  0   0  2   3  1  0  0/0   23 

3 Stars

1 - Ales Hemsky (BOS)
2 - Cam Ward (BOS)
3 - Patrice Bergeron (BOS)

Power Play

Flyers - 0 on 2 Attempt(s) - 0.00%
Bruins - 0 on 3 Attempt(s) - 0.00%

Penalty Kill

Flyers - 3 on 3 Attempt(s) - 100.00% - Score 0 goal in Penalty Kill
Bruins - 2 on 2 Attempt(s) - 100.00% - Score 0 goal in Penalty Kill

Game Notes

No Game Note

Finance

Level 1 -- Attendance: 6358 (97.82%) -- Ticket Income $476,850.00
Level 2 -- Attendance: 5000 (100.00%) -- Ticket Income $250,000.00
Level 3 -- Attendance: 3473 (99.23%) -- Ticket Income $104,190.00
Level 4 -- Attendance: 1565 (100.00%) -- Ticket Income $31,300.00
Luxury Box -- Attendance: 963 (96.30%) -- Ticket Income $144,450.00
Game was played at the TD Garden
Total Attendance: 17359 (98.83%)
Total Ticket Income: $1,050,124.00
Other Income: $209,123.70
Total Income: $1,259,248.00


Play by Play

Period #1

0:01 of 1st period - Tim Connolly wins face-off versus David Krejci in neutral zone.
1:04 of 1st period - Shot by Brandon McMillan.
1:04 of 1st period - Shot Misses the Net.
1:05 of 1st period - Minor Penalty to Zach Bogosian for Cross-checking.
1:06 of 1st period - Brendan Morrison wins face-off versus Rich Peverley in Bruins zone.
1:06 of 1st period - Brandon McMillan is hit by Adam McQuaid and loses puck.
1:11 of 1st period - Shot by Brendan Morrison.
1:11 of 1st period - Shot Misses the Net.
1:15 of 1st period - Shot by Raffi Torres.
1:15 of 1st period - Stopped by Cam Ward without a rebound.
1:16 of 1st period - David Krejci wins face-off versus Brendan Morrison in Bruins zone.
1:44 of 1st period - Shot by Marc-Andre Bergeron.
1:44 of 1st period - Stopped by Cam Ward without a rebound.
1:45 of 1st period - Patrice Bergeron wins face-off versus Tim Connolly in Bruins zone.
1:53 of 1st period - Chris Pronger is hit by Dennis Seidenberg and loses puck.
2:45 of 1st period - Icing by Brendan Morrison.
2:46 of 1st period - Brendan Morrison wins face-off versus David Krejci in Flyers zone.
3:11 of 1st period - Shot by Lee Stempniak.
3:11 of 1st period - Stopped by Cam Ward without a rebound.
3:12 of 1st period - Patrice Bergeron wins face-off versus John Madden in Bruins zone.
3:21 of 1st period - Icing by Randy Jones.
3:22 of 1st period - John Madden wins face-off versus Patrice Bergeron in Flyers zone.
3:41 of 1st period - Shot by Tobias Enstrom.
3:41 of 1st period - Deflect By Rick Nash.
3:41 of 1st period - Stopped by Al Montoya with a rebound.
3:43 of 1st period - Shot by Zach Bogosian.
3:43 of 1st period - Stopped by Al Montoya without a rebound.
3:44 of 1st period - Tim Connolly wins face-off versus Chris Kelly in Flyers zone.
4:11 of 1st period - Shot by Radim Vrbata.
4:11 of 1st period - Shot Misses the Net.
4:15 of 1st period - Shot by Radim Vrbata.
4:15 of 1st period - Shot Misses the Net.
5:22 of 1st period - Shot by Rich Peverley.
5:22 of 1st period - Shot Blocked by Andrej Sekera.
5:28 of 1st period - Shot by Rich Peverley.
5:28 of 1st period - Shot Blocked by Brandon McMillan.
6:20 of 1st period - Shot by Raffi Torres.
6:20 of 1st period - Shot Misses the Net.
6:57 of 1st period - Icing by Tobias Enstrom.
6:58 of 1st period - Patrice Bergeron wins face-off versus Nino Niederreiter in Bruins zone.
6:58 of 1st period - Minor Penalty to Nino Niederreiter for Hooking.
6:59 of 1st period - David Krejci wins face-off versus Kyle Brodziak in Flyers zone.
7:00 of 1st period - Shot by Jordan Leopold.
7:00 of 1st period - Shot Misses the Net.
8:01 of 1st period - Shot by Zdeno Chara.
8:01 of 1st period - Stopped by Al Montoya with a rebound.
8:03 of 1st period - Shot by Zdeno Chara.
8:03 of 1st period - Shot Blocked by Lee Stempniak.
8:05 of 1st period - Shot by Adam McQuaid.
8:05 of 1st period - Shot Blocked by Randy Jones.
8:07 of 1st period - Shot by Zdeno Chara.
8:07 of 1st period - Stopped by Al Montoya without a rebound.
8:08 of 1st period - Kyle Brodziak wins face-off versus Patrice Bergeron in Flyers zone.
8:08 of 1st period - Kyle Brodziak is hit by Patrice Bergeron.
8:15 of 1st period - Icing by Zdeno Chara.
8:16 of 1st period - Patrice Bergeron wins face-off versus Kyle Brodziak in Bruins zone.
9:22 of 1st period - Icing by Marc-Andre Bergeron.
9:23 of 1st period - Chris Kelly wins face-off versus Nino Niederreiter in Flyers zone.
9:32 of 1st period - Zdeno Chara is hit by Niklas Hagman and loses puck.
9:45 of 1st period - Shot by Brad Marchand.
9:45 of 1st period - Goal by Brad Marchand - Flyers : 0 - Bruins : 1.
9:46 of 1st period - John Madden wins face-off versus Derick Brassard in neutral zone.
9:49 of 1st period - Shot by Lee Stempniak.
9:49 of 1st period - Shot Blocked by Rich Peverley.
9:51 of 1st period - Shot by John Madden.
9:51 of 1st period - Stopped by Cam Ward without a rebound.
9:52 of 1st period - Patrice Bergeron wins face-off versus John Madden in Bruins zone.
10:09 of 1st period - Shot by John Madden.
10:09 of 1st period - Shot Misses the Net.
10:18 of 1st period - Off-side.
10:19 of 1st period - Tyler Seguin wins face-off versus Brendan Morrison in neutral zone.
10:19 of 1st period - Tyler Seguin is hit by Pascal Dupuis.
10:38 of 1st period - Icing by Adam McQuaid.
10:39 of 1st period - Derick Brassard wins face-off versus Kyle Brodziak in Bruins zone.
11:09 of 1st period - Chris Pronger is hit by Derick Brassard and loses puck.
12:40 of 1st period - Shot by Lee Stempniak.
12:40 of 1st period - Stopped by Cam Ward without a rebound.
12:41 of 1st period - Tim Connolly wins face-off versus Patrice Bergeron in Bruins zone.
12:50 of 1st period - Shot by Kevin Bieksa.
12:50 of 1st period - Stopped by Cam Ward without a rebound.
12:51 of 1st period - Nino Niederreiter wins face-off versus Derick Brassard in Bruins zone.
13:02 of 1st period - Shot by Derick Brassard.
13:02 of 1st period - Shot Misses the Net.
13:06 of 1st period - Shot by Rich Peverley.
13:06 of 1st period - Shot Misses the Net.
13:08 of 1st period - Shot by Dennis Seidenberg.
13:08 of 1st period - Shot Misses the Net.
13:10 of 1st period - Shot by Dennis Seidenberg.
13:10 of 1st period - Shot Misses the Net.
13:26 of 1st period - Shot by Rich Peverley.
13:26 of 1st period - Stopped by Al Montoya without a rebound.
13:27 of 1st period - Patrice Bergeron wins face-off versus John Madden in Flyers zone.
13:28 of 1st period - Shot by Rick Nash.
13:28 of 1st period - Stopped by Al Montoya without a rebound.
13:29 of 1st period - Patrice Bergeron wins face-off versus Lee Stempniak in Flyers zone.
13:56 of 1st period - Shot by Rick Nash.
13:56 of 1st period - Stopped by Al Montoya without a rebound.
13:57 of 1st period - Brendan Morrison wins face-off versus David Krejci in Flyers zone.
13:57 of 1st period - Brendan Morrison is hit by Milan Lucic.
14:22 of 1st period - Pascal Dupuis is hit by Dennis Seidenberg and loses puck.
14:56 of 1st period - Shot by Lee Stempniak.
14:56 of 1st period - Stopped by Cam Ward without a rebound.
14:57 of 1st period - Derick Brassard wins face-off versus Tim Connolly in Bruins zone.
14:57 of 1st period - Derick Brassard is hit by Tim Connolly.
15:00 of 1st period - Zach Bogosian is hit by Kevin Bieksa and loses puck.
15:07 of 1st period - Shot by Rich Peverley.
15:07 of 1st period - Shot Misses the Net.
15:23 of 1st period - Shot by Tyler Seguin.
15:23 of 1st period - Shot Blocked by Radim Vrbata.
15:25 of 1st period - Shot by Rich Peverley.
15:25 of 1st period - Goal by Rich Peverley - Flyers : 0 - Bruins : 2.
15:26 of 1st period - John Madden wins face-off versus Chris Kelly in neutral zone.
15:28 of 1st period - Lee Stempniak is hit by Zdeno Chara and loses puck.
15:31 of 1st period - Shot by John Madden.
15:31 of 1st period - Stopped by Cam Ward without a rebound.
15:32 of 1st period - Patrice Bergeron wins face-off versus John Madden in Bruins zone.
15:32 of 1st period - Patrice Bergeron is hit by Raffi Torres.
17:13 of 1st period - Shot by Radim Vrbata.
17:13 of 1st period - Shot Misses the Net.
17:52 of 1st period - Shot by Brandon McMillan.
17:52 of 1st period - Shot Misses the Net.
18:29 of 1st period - Zdeno Chara is hit by Kevin Bieksa and loses puck.
19:20 of 1st period - Ales Hemsky is hit by Kevin Bieksa and loses puck.
19:39 of 1st period - Shot by Ales Hemsky.
19:39 of 1st period - Goal by Ales Hemsky - Flyers : 0 - Bruins : 3.
19:40 of 1st period - Brendan Morrison wins face-off versus Derick Brassard in neutral zone.
19:59 of 1st period - Shot by Pascal Dupuis.
19:59 of 1st period - Deflect By Brendan Morrison.
19:59 of 1st period - Stopped by Cam Ward with a rebound.

Period #2

0:01 of 2nd period - Tim Connolly wins face-off versus David Krejci in neutral zone.
0:03 of 2nd period - Kevin Bieksa is hit by Dennis Seidenberg and loses puck.
0:08 of 2nd period - Shot by Kyle Brodziak.
0:08 of 2nd period - Stopped by Cam Ward without a rebound.
0:09 of 2nd period - Brendan Morrison wins face-off versus Patrice Bergeron in Bruins zone.
0:34 of 2nd period - Shot by Brendan Morrison.
0:34 of 2nd period - Shot Misses the Net.
0:37 of 2nd period - Icing by Zach Bogosian.
0:38 of 2nd period - Patrice Bergeron wins face-off versus Tim Connolly in Bruins zone.
0:49 of 2nd period - Shot by Rick Nash.
0:49 of 2nd period - Shot Blocked by Chris Pronger.
1:01 of 2nd period - Icing by Zach Bogosian.
1:02 of 2nd period - Patrice Bergeron wins face-off versus Raffi Torres in Bruins zone.
1:39 of 2nd period - Shot by David Krejci.
1:39 of 2nd period - Deflect By Nathan Horton.
1:39 of 2nd period - Shot Misses the Net.
1:41 of 2nd period - Shot by Zdeno Chara.
1:41 of 2nd period - Stopped by Al Montoya without a rebound.
1:42 of 2nd period - Tim Connolly wins face-off versus Chris Kelly in Flyers zone.
2:03 of 2nd period - Shot by Radim Vrbata.
2:03 of 2nd period - Shot Misses the Net.
2:19 of 2nd period - Shot by Evander Kane.
2:19 of 2nd period - Shot Blocked by Chris Pronger.
2:21 of 2nd period - Shot by Zdeno Chara.
2:21 of 2nd period - Shot Misses the Net.
2:31 of 2nd period - Shot by Dennis Seidenberg.
2:31 of 2nd period - Shot Misses the Net.
3:45 of 2nd period - Shot by Rick Nash.
3:45 of 2nd period - Shot Misses the Net.
4:08 of 2nd period - Minor Penalty to Zach Bogosian for High sticking.
4:08 of 2nd period - Minor Penalty to Raffi Torres for Hooking.
4:09 of 2nd period - Nino Niederreiter wins face-off versus Chris Kelly in Bruins zone.
4:26 of 2nd period - Shot by Jordan Leopold.
4:26 of 2nd period - Shot Blocked by Marc-Andre Bergeron.
5:03 of 2nd period - Chris Pronger is hit by Milan Lucic and loses puck.
5:42 of 2nd period - Shot by Evander Kane.
5:42 of 2nd period - Shot Misses the Net.
5:56 of 2nd period - Shot by Marc-Andre Bergeron.
5:56 of 2nd period - Shot Misses the Net.
6:00 of 2nd period - Shot by Marc-Andre Bergeron.
6:00 of 2nd period - Stopped by Cam Ward without a rebound.
6:01 of 2nd period - Tim Connolly wins face-off versus David Krejci in Bruins zone.
8:04 of 2nd period - David Krejci is hit by Kevin Bieksa.
8:07 of 2nd period - Milan Lucic is hit by Kevin Bieksa and loses puck.
8:23 of 2nd period - Chris Pronger is hit by Adam McQuaid and loses puck.
8:52 of 2nd period - Brad Marchand is hit by Randy Jones and loses puck.
10:48 of 2nd period - Shot by Tyler Seguin.
10:48 of 2nd period - Stopped by Al Montoya with a rebound.
10:52 of 2nd period - Shot by Derick Brassard.
10:52 of 2nd period - Shot Misses the Net.
10:54 of 2nd period - Shot by Derick Brassard.
10:54 of 2nd period - Shot Misses the Net.
10:56 of 2nd period - Shot by Tyler Seguin.
10:56 of 2nd period - Shot Blocked by Rostislav Klesla.
11:06 of 2nd period - Shot by Derick Brassard.
11:06 of 2nd period - Stopped by Al Montoya without a rebound.
11:07 of 2nd period - Tim Connolly wins face-off versus Chris Kelly in Flyers zone.
11:09 of 2nd period - Radim Vrbata is hit by Evander Kane and loses puck.
11:17 of 2nd period - Minor Penalty to Zdeno Chara for Cross-checking.
11:18 of 2nd period - Tim Connolly wins face-off versus David Krejci in Bruins zone.
11:21 of 2nd period - Shot by Chris Pronger.
11:21 of 2nd period - Shot Misses the Net.
11:23 of 2nd period - Shot by Kevin Bieksa.
11:23 of 2nd period - Shot Misses the Net.
11:25 of 2nd period - Shot by Radim Vrbata.
11:25 of 2nd period - Shot Misses the Net.
12:11 of 2nd period - Shot by Raffi Torres.
12:11 of 2nd period - Shot Blocked by Adam McQuaid.
12:13 of 2nd period - Shot by John Madden.
12:13 of 2nd period - Shot Misses the Net.
12:15 of 2nd period - Shot by John Madden.
12:15 of 2nd period - Deflect By Brendan Morrison.
12:15 of 2nd period - Shot Blocked by Adam McQuaid.
12:17 of 2nd period - Shot by Randy Jones.
12:17 of 2nd period - Stopped by Cam Ward without a rebound.
12:18 of 2nd period - Tim Connolly wins face-off versus David Krejci in Bruins zone.
12:18 of 2nd period - Kevin Bieksa is hit by Dennis Seidenberg and loses puck.
12:27 of 2nd period - Shot by Tim Connolly.
12:27 of 2nd period - Stopped by Cam Ward without a rebound.
12:28 of 2nd period - Raffi Torres wins face-off versus Patrice Bergeron in Bruins zone.
12:35 of 2nd period - Shot by Brandon McMillan.
12:35 of 2nd period - Stopped by Cam Ward with a rebound.
12:37 of 2nd period - Shot by Raffi Torres.
12:37 of 2nd period - Stopped by Cam Ward without a rebound.
12:38 of 2nd period - David Krejci wins face-off versus Tim Connolly in Bruins zone.
13:35 of 2nd period - Shot by Milan Lucic.
13:35 of 2nd period - Shot Misses the Net.
13:40 of 2nd period - Zdeno Chara is hit by Ladislav Smid and loses puck.
13:51 of 2nd period - Jordan Leopold is hit by Raffi Torres and loses puck.
14:02 of 2nd period - Milan Lucic is hit by Raffi Torres and loses puck.
14:20 of 2nd period - Minor Penalty to Rostislav Klesla for Interference.
14:21 of 2nd period - Patrice Bergeron wins face-off versus John Madden in Flyers zone.
14:48 of 2nd period - Shot by Rick Nash.
14:48 of 2nd period - Stopped by Al Montoya without a rebound.
14:49 of 2nd period - Kyle Brodziak wins face-off versus David Krejci in Flyers zone.
14:55 of 2nd period - Icing by Dennis Seidenberg.
14:56 of 2nd period - David Krejci wins face-off versus Lee Stempniak in Bruins zone.
16:23 of 2nd period - Icing by Kevin Bieksa.
16:24 of 2nd period - Derick Brassard wins face-off versus Nino Niederreiter in Flyers zone.
16:37 of 2nd period - Shot by Niklas Hagman.
16:37 of 2nd period - Shot Misses the Net.
16:41 of 2nd period - Shot by Kevin Bieksa.
16:41 of 2nd period - Shot Blocked by Dennis Seidenberg.
16:43 of 2nd period - Shot by Kevin Bieksa.
16:43 of 2nd period - Shot Misses the Net.
16:47 of 2nd period - Shot by Rostislav Klesla.
16:47 of 2nd period - Stopped by Cam Ward without a rebound.
16:48 of 2nd period - Brendan Morrison wins face-off versus Chris Kelly in Bruins zone.
18:50 of 2nd period - Off-side.
18:51 of 2nd period - Chris Kelly wins face-off versus Pascal Dupuis in neutral zone.
19:00 of 2nd period - Shot by Evander Kane.
19:00 of 2nd period - Stopped by Al Montoya without a rebound.
19:01 of 2nd period - Brendan Morrison wins face-off versus David Krejci in Flyers zone.
19:53 of 2nd period - Off-side.
19:54 of 2nd period - Tim Connolly wins face-off versus Patrice Bergeron in neutral zone.

Period #3

0:01 of 3rd period - David Krejci wins face-off versus Kyle Brodziak in neutral zone.
0:15 of 3rd period - Shot by Tim Connolly.
0:15 of 3rd period - Stopped by Cam Ward with a rebound.
0:19 of 3rd period - Shot by Tim Connolly.
0:19 of 3rd period - Stopped by Cam Ward without a rebound.
0:20 of 3rd period - Patrice Bergeron wins face-off versus Brendan Morrison in Bruins zone.
0:27 of 3rd period - Shot by Rick Nash.
0:27 of 3rd period - Shot Misses the Net.
0:45 of 3rd period - Shot by Pascal Dupuis.
0:45 of 3rd period - Deflect By Brendan Morrison.
0:45 of 3rd period - Stopped by Cam Ward with a rebound.
0:47 of 3rd period - Shot by Rostislav Klesla.
0:47 of 3rd period - Stopped by Cam Ward without a rebound.
0:48 of 3rd period - David Krejci wins face-off versus John Madden in Bruins zone.
0:48 of 3rd period - David Krejci is hit by Lee Stempniak.
0:49 of 3rd period - Minor Penalty to Lee Stempniak for Cross-checking.
0:50 of 3rd period - David Krejci wins face-off versus Kyle Brodziak in Flyers zone.
0:55 of 3rd period - Shot by Ales Hemsky.
0:55 of 3rd period - Stopped by Al Montoya without a rebound.
0:56 of 3rd period - David Krejci wins face-off versus John Madden in Flyers zone.
1:13 of 3rd period - Shot by Jordan Leopold.
1:13 of 3rd period - Stopped by Al Montoya with a rebound.
1:15 of 3rd period - Shot by Ales Hemsky.
1:15 of 3rd period - Stopped by Al Montoya with a rebound.
1:17 of 3rd period - Shot by Dennis Seidenberg.
1:17 of 3rd period - Stopped by Al Montoya with a rebound.
1:19 of 3rd period - Shot by Dennis Seidenberg.
1:19 of 3rd period - Stopped by Al Montoya with a rebound.
1:46 of 3rd period - Icing by Tobias Enstrom.
1:47 of 3rd period - Patrice Bergeron wins face-off versus Kyle Brodziak in Bruins zone.
2:01 of 3rd period - Icing by Zdeno Chara.
2:02 of 3rd period - Patrice Bergeron wins face-off versus John Madden in Bruins zone.
2:02 of 3rd period - Patrice Bergeron is hit by Pascal Dupuis.
2:18 of 3rd period - Icing by Tobias Enstrom.
2:19 of 3rd period - Patrice Bergeron wins face-off versus Kyle Brodziak in Bruins zone.
2:21 of 3rd period - Icing by Nathan Horton.
2:22 of 3rd period - Patrice Bergeron wins face-off versus Kyle Brodziak in Bruins zone.
3:15 of 3rd period - Tyler Seguin is hit by Chris Pronger.
4:20 of 3rd period - John Madden is hit by Evander Kane and loses puck.
4:39 of 3rd period - Shot by Pascal Dupuis.
4:39 of 3rd period - Shot Misses the Net.
4:41 of 3rd period - Shot by Andrej Sekera.
4:41 of 3rd period - Goal by Andrej Sekera - Flyers : 1 - Bruins : 3.
4:42 of 3rd period - Patrice Bergeron wins face-off versus Nino Niederreiter in neutral zone.
4:45 of 3rd period - Shot by Ales Hemsky.
4:45 of 3rd period - Shot Blocked by Kevin Bieksa.
6:20 of 3rd period - Off-side.
6:21 of 3rd period - John Madden wins face-off versus Brad Marchand in neutral zone.
6:35 of 3rd period - Jordan Leopold is hit by Raffi Torres and loses puck.
6:39 of 3rd period - Evander Kane is hit by Raffi Torres and loses puck.
6:48 of 3rd period - Adam McQuaid is hit by Raffi Torres and loses puck.
6:52 of 3rd period - Jordan Leopold is hit by Raffi Torres and loses puck.
7:00 of 3rd period - Off-side.
7:01 of 3rd period - Derick Brassard wins face-off versus Nino Niederreiter in neutral zone.
7:18 of 3rd period - Shot by Tyler Seguin.
7:18 of 3rd period - Shot Blocked by Kevin Bieksa.
7:22 of 3rd period - Shot by Tyler Seguin.
7:22 of 3rd period - Shot Misses the Net.
7:26 of 3rd period - Shot by Derick Brassard.
7:26 of 3rd period - Shot Misses the Net.
7:30 of 3rd period - Shot by Tyler Seguin.
7:30 of 3rd period - Shot Misses the Net.
7:32 of 3rd period - Shot by Dennis Seidenberg.
7:32 of 3rd period - Shot Blocked by Nino Niederreiter.
7:34 of 3rd period - Shot by Rich Peverley.
7:34 of 3rd period - Stopped by Al Montoya without a rebound.
7:35 of 3rd period - Tim Connolly wins face-off versus David Krejci in Flyers zone.
8:30 of 3rd period - Off-side.
8:31 of 3rd period - Pascal Dupuis wins face-off versus Patrice Bergeron in neutral zone.
8:35 of 3rd period - Brendan Morrison is hit by Rick Nash.
9:23 of 3rd period - Shot by Derick Brassard.
9:23 of 3rd period - Shot Misses the Net.
9:37 of 3rd period - Shot by Lee Stempniak.
9:37 of 3rd period - Stopped by Cam Ward with a rebound.
9:39 of 3rd period - Shot by Lee Stempniak.
9:39 of 3rd period - Shot Blocked by Adam McQuaid.
9:41 of 3rd period - Shot by Lee Stempniak.
9:41 of 3rd period - Shot Misses the Net.
9:49 of 3rd period - Shot by John Madden.
9:49 of 3rd period - Deflect By Lee Stempniak.
9:49 of 3rd period - Stopped by Cam Ward without a rebound.
9:50 of 3rd period - Chris Kelly wins face-off versus Tim Connolly in Bruins zone.
10:13 of 3rd period - Shot by Tim Connolly.
10:13 of 3rd period - Stopped by Cam Ward without a rebound.
10:14 of 3rd period - David Krejci wins face-off versus John Madden in Bruins zone.
10:27 of 3rd period - Shot by Milan Lucic.
10:27 of 3rd period - Stopped by Al Montoya without a rebound.
10:28 of 3rd period - Patrice Bergeron wins face-off versus John Madden in Flyers zone.
10:33 of 3rd period - Shot by Ales Hemsky.
10:33 of 3rd period - Stopped by Al Montoya without a rebound.
10:34 of 3rd period - Derick Brassard wins face-off versus Nino Niederreiter in Flyers zone.
10:34 of 3rd period - Dennis Seidenberg is hit by Kevin Bieksa and loses puck.
10:38 of 3rd period - Icing by Kevin Bieksa.
10:39 of 3rd period - Patrice Bergeron wins face-off versus Nino Niederreiter in Flyers zone.
10:51 of 3rd period - Off-side.
10:52 of 3rd period - Derick Brassard wins face-off versus John Madden in neutral zone.
11:01 of 3rd period - Tyler Seguin is hit by Randy Jones and loses puck.
11:11 of 3rd period - Tyler Seguin is hit by Ladislav Smid and loses puck.
11:16 of 3rd period - Shot by Tyler Seguin.
11:16 of 3rd period - Shot Misses the Net.
11:33 of 3rd period - Derick Brassard is hit by Ladislav Smid and loses puck.
12:11 of 3rd period - Shot by Evander Kane.
12:11 of 3rd period - Deflect By Brad Marchand.
12:11 of 3rd period - Stopped by Al Montoya without a rebound.
12:12 of 3rd period - Patrice Bergeron wins face-off versus Brendan Morrison in Flyers zone.
12:19 of 3rd period - Shot by Rick Nash.
12:19 of 3rd period - Shot Misses the Net.
12:21 of 3rd period - Shot by Tobias Enstrom.
12:21 of 3rd period - Stopped by Al Montoya with a rebound.
12:25 of 3rd period - Shot by Ales Hemsky.
12:25 of 3rd period - Shot Misses the Net.
12:27 of 3rd period - Shot by Patrice Bergeron.
12:27 of 3rd period - Goal by Patrice Bergeron - Flyers : 1 - Bruins : 4.
12:28 of 3rd period - Tim Connolly wins face-off versus David Krejci in neutral zone.
12:40 of 3rd period - Shot by Nathan Horton.
12:40 of 3rd period - Shot Misses the Net.
12:42 of 3rd period - Shot by Nathan Horton.
12:42 of 3rd period - Stopped by Al Montoya without a rebound.
12:43 of 3rd period - Brendan Morrison wins face-off versus Patrice Bergeron in Flyers zone.
13:14 of 3rd period - Shot by Ales Hemsky.
13:14 of 3rd period - Stopped by Al Montoya without a rebound.
13:15 of 3rd period - Tim Connolly wins face-off versus Chris Kelly in Flyers zone.
13:17 of 3rd period - Icing by Radim Vrbata.
13:18 of 3rd period - Chris Kelly wins face-off versus Tim Connolly in Flyers zone.
13:31 of 3rd period - Shot by Radim Vrbata.
13:31 of 3rd period - Stopped by Cam Ward without a rebound.
13:32 of 3rd period - Nino Niederreiter wins face-off versus Derick Brassard in Bruins zone.
13:55 of 3rd period - Shot by Derick Brassard.
13:55 of 3rd period - Shot Misses the Net.
13:59 of 3rd period - Shot by Derick Brassard.
13:59 of 3rd period - Shot Hit the Post.
14:01 of 3rd period - Shot by Rich Peverley.
14:01 of 3rd period - Stopped by Al Montoya without a rebound.
14:02 of 3rd period - Patrice Bergeron wins face-off versus John Madden in Flyers zone.
14:28 of 3rd period - Ales Hemsky is hit by Ladislav Smid and loses puck.
15:04 of 3rd period - Shot by Brad Marchand.
15:04 of 3rd period - Shot Misses the Net.
15:08 of 3rd period - Shot by Evander Kane.
15:08 of 3rd period - Stopped by Al Montoya without a rebound.
15:09 of 3rd period - Derick Brassard wins face-off versus Brendan Morrison in Flyers zone.
15:54 of 3rd period - Icing by Pascal Dupuis.
15:55 of 3rd period - Brendan Morrison wins face-off versus Chris Kelly in Flyers zone.
15:55 of 3rd period - Andrej Sekera is hit by Brad Marchand and loses puck.
16:36 of 3rd period - Shot by Jordan Leopold.
16:36 of 3rd period - Stopped by Al Montoya with a rebound.
17:55 of 3rd period - Shot by Derick Brassard.
17:55 of 3rd period - Shot Misses the Net.
17:59 of 3rd period - Shot by Derick Brassard.
17:59 of 3rd period - Shot Misses the Net.
18:01 of 3rd period - Shot by Dennis Seidenberg.
18:01 of 3rd period - Stopped by Al Montoya without a rebound.
18:02 of 3rd period - Nino Niederreiter wins face-off versus Nathan Horton in Flyers zone.
18:02 of 3rd period - Nino Niederreiter is hit by Nathan Horton.
18:30 of 3rd period - Shot by David Krejci.
18:30 of 3rd period - Stopped by Al Montoya without a rebound.
18:31 of 3rd period - John Madden wins face-off versus Chris Kelly in Flyers zone.
18:35 of 3rd period - Lee Stempniak is hit by Evander Kane and loses puck.
19:05 of 3rd period - Icing by Randy Jones.
19:06 of 3rd period - John Madden wins face-off versus Patrice Bergeron in Flyers zone.
19:06 of 3rd period - Lee Stempniak is hit by Rick Nash and loses puck.
19:39 of 3rd period - Shot by Rick Nash.
19:39 of 3rd period - Stopped by Al Montoya without a rebound.
19:40 of 3rd period - Derick Brassard wins face-off versus Brendan Morrison in Flyers zone.
19:43 of 3rd period - Shot by Rich Peverley.
19:43 of 3rd period - Stopped by Al Montoya with a rebound.
19:55 of 3rd period - Shot by Brandon McMillan.
19:55 of 3rd period - Deflect By Pascal Dupuis.
19:55 of 3rd period - Stopped by Cam Ward with a rebound.


Output by the SimonT Hockey Simulator (STHS) for Stephane Roy -- Original Page W3C XHTML 1.0 Valid